Map: Oxide LE

Players

Reynor - Winner!

  • Race: Zerg Zerg

MarineLorD

  • Race: Terran Terran
  • League: Master

Event: DreamHack SC2 Masters 2021 Winter

VOD

Have the link to the VOD?

Description

Time

  • Played on: Oct. 12, 2021, 1:44 p.m.
  • Length: 18:56

All games in this series

Show
View Real Time Build Order
Export as new Build Order

Reynor Zerg - Winner!

Build Orders: Pool First, Lurkers 

Get SALT Encoding   

  12  0:00  Drone  
  13  0:12  Overlord  
  13  0:16  Drone  
  14  0:30  Drone x2  
  14  0:34  Drone  
  17  0:44  Spawning Pool  
  17  0:47  Drone  
  17  1:07  Hatchery  
  17  1:10  Drone  
  17  1:13  Drone  
  18  1:25  Extractor  
  17  1:31  Zergling x4, Queen  
  21  1:38  Overlord  
  21  1:49  Drone  
  22  2:00  Drone  
  23  2:07  Queen  
  25  2:11  Drone  
  26  2:19  Drone, Queen  
  26  2:21  Drone  
  30  2:26  Metabolic Boost  
  29  2:33  Drone x2  
  31  2:40  Overlord  
  31  2:41  Drone x2  
  31  2:43  Drone  
  34  2:47  Overlord  
  34  2:50  Drone  
  35  3:05  Overlord  
  35  3:07  Drone x2  
  37  3:20  Hatchery  
  37  3:22  Pneumatized Carapace  
  37  3:24  Drone  
  37  3:25  Drone x2  
  39  3:29  Queen  
  41  3:34  Overlord  
  41  3:35  Drone  
  41  3:36  Drone  
  43  3:47  Zergling x4  
  45  3:49  Drone, Overlord  
  45  3:55  Drone x4  
  50  3:57  Drone  
  50  4:02  Overlord  
  51  4:04  Queen  
  51  4:09  Drone x2  
  55  4:11  Zergling x4  
  57  4:18  Drone  
  57  4:19  Queen  
  57  4:20  Overlord  
  57  4:21  Drone x3  
  63  4:27  Extractor  
  62  4:31  Queen  
  62  4:33  Drone x3  
  67  4:40  Drone x3  
  67  4:42  Lair  
  70  4:46  Spore Crawler  
  70  4:47  Spore Crawler  
  70  4:50  Spore Crawler  
  70  4:51  Drone x2  
  69  4:53  Drone  
  69  4:55  Overlord  
  69  4:58  Zergling x4  
  71  5:09  Zergling x6  
  71  5:10  Drone x2  
  71  5:11  Drone  
  69  5:17  Drone x2  
  69  5:21  Drone  
  69  5:28  Drone x2  
  72  5:33  Overlord  
  72  5:35  Drone x3  
  75  5:36  Drone  
  75  5:37  Drone, Baneling Nest  
  76  5:43  Overlord  
  76  5:46  Overseer  
  76  5:48  Drone x2, Overseer  
  78  5:50  Drone  
  78  5:53  Drone x2  
  78  5:57  Overlord  
  81  6:01  Drone x3, Hatchery  
  81  6:02  Drone x2  
  81  6:04  Drone x2  
  86  6:05  Extractor  
  86  6:09  Evolution Chamber  
  86  6:10  Evolution Chamber  
  83  6:12  Drone x3  
  86  6:20  Drone x2, Extractor  
  86  6:21  Extractor  
  86  6:26  Zergling x8, Centrifugal Hooks  
  86  6:27  Burrow  
  86  6:30  Zergling x2  
  91  6:33  Overlord  
  91  6:37  Zergling x14  
  98  6:44  Drone  
  98  6:46  Spore Crawler  
  98  6:50  Zerg Ground Armor Level 1, Zerg Melee Weapons Level 1  
  98  6:51  Zergling x4  
  98  6:53  Zergling x2  
  101  6:55  Baneling x6  
  101  6:57  Zergling x6  
  101  6:59  Zergling x2  
  101  7:01  Zergling x2  
  106  7:03  Drone  
  106  7:05  Spore Crawler  
  106  7:08  Overlord  
  106  7:09  Baneling x3  
  106  7:12  Zergling x12  
  106  7:14  Drone  
  113  7:23  Drone x2  
  113  7:26  Zergling x10  
  118  7:33  Overlord  
  118  7:34  Drone x5  
  118  7:36  Zergling x8  
  123  7:47  Zergling x8  
  125  7:51  Drone x2  
  125  7:52  Drone  
  125  7:54  Drone x2, Hydralisk Den  
  125  7:55  Zergling x2  
  129  8:00  Zergling x8  
  129  8:04  Baneling x10, Overlord  
  131  8:05  Zergling x2  
  131  8:06  Zergling x8  
  131  8:09  Hatchery  
  131  8:10  Drone, Overlord  
  136  8:13  Spore Crawler  
  136  8:18  Drone  
  136  8:19  Zergling x4  
  134  8:23  Zergling x14  
  139  8:27  Baneling x2  
  139  8:28  Baneling x10  
  139  8:29  Zergling x2  
  139  8:30  Zergling x6  
  140  8:36  Zergling x6  
  140  8:40  Zergling x2  
  144  8:44  Zergling x4  
  144  8:45  Zerg Melee Weapons Level 2, Zerg Ground Armor Level 2  
  145  8:50  Zergling x10  
  145  8:52  Baneling x13, Overlord  
  145  8:53  Overlord x2  
  143  9:03  Overlord  
  143  9:10  Extractor  
  143  9:13  Zergling x16  
  143  9:14  Queen  
  143  9:16  Drone, Extractor  
  152  9:17  Muscular Augments  
  152  9:18  Zergling x14  
  152  9:19  Baneling x12  
  152  9:24  Zergling x10  
  161  9:28  Zergling x4  
  161  9:29  Zergling x4  
  165  9:33  Zergling x2  
  163  9:39  Zergling x4  
  163  9:41  Zergling x2  
  163  9:43  Baneling x12  
  163  9:45  Zergling x16  
  173  9:49  Overlord  
  173  9:50  Zergling x2  
  167  9:56  Zergling x12  
  167  9:57  Hydralisk, Zergling x8  
  157  10:00  Zergling x2  
  157  10:03  Overseer  
  157  10:05  Queen  
  156  10:07  Hydralisk x3  
  156  10:12  Hydralisk x2  
  156  10:13  Zergling x6  
  165  10:17  Hydralisk x3, Zergling x2  
  165  10:18  Zergling x2  
  165  10:19  Zergling x2  
  171  10:27  Hydralisk x3  
  171  10:28  Zergling x2  
  176  10:30  Overseer  
  176  10:33  Zergling x10  
  176  10:34  Queen  
  181  10:38  Hydralisk x2  
  181  10:39  Zergling x2  
  181  10:41  Zergling x4  
  181  10:42  Zergling x4  
  177  10:45  Zergling x4  
  177  10:48  Hydralisk  
  177  10:49  Zergling x4  
  170  10:51  Zergling x4  
  170  10:52  Hydralisk  
  170  10:55  Zergling x2  
  170  10:56  Baneling x2  
  168  10:59  Hydralisk  
  167  11:04  Zergling x6  
  167  11:06  Zergling x4  
  167  11:07  Zergling x2  
  167  11:09  Hydralisk  
  177  11:13  Zergling x4  
  177  11:15  Baneling x6  
  177  11:16  Baneling x2  
  171  11:19  Zerg Missile Weapons Level 1  
  171  11:22  Infestation Pit, Zergling x12  
  169  11:29  Zergling x4  
  169  11:30  Zergling x6  
  165  11:33  Zergling x2  
  165  11:38  Zergling x2  
  166  11:42  Hydralisk  
  166  11:46  Zergling x4  
  167  11:48  Zergling x2  
  167  11:50  Overlord  
  167  11:52  Zergling x14  
  167  11:54  Baneling x10  
  175  11:57  Overseer  
  172  12:06  Zergling x10  
  172  12:07  Zergling x4  
  159  12:11  Zergling x4  
  159  12:13  Zergling x2  
  159  12:19  Hive  
  150  12:27  Zergling x18  
  150  12:28  Zergling x2  
  137  12:31  Hatchery, Zergling x2  
  137  12:35  Zergling x4  
  137  12:36  Overseer, Zergling x4  
  137  12:38  Hydralisk  
  137  12:41  Baneling x3  
  137  12:42  Baneling x6, Zergling x2  
  140  12:46  Zergling x2  
  140  12:48  Zergling x6  
  140  12:51  Baneling x6  
  144  12:54  Zergling x12, Lurker Den  
  148  13:02  Drone x2  
  148  13:03  Drone  
  148  13:04  Queen, Extractor  
  150  13:06  Spore Crawler, Overlord  
  150  13:14  Baneling x9  
  150  13:16  Baneling x9  
  150  13:17  Hydralisk x3  
  150  13:18  Zergling x2  
  156  13:24  Zergling x14  
  158  13:38  Zergling x16  
  165  13:43  Hydralisk  
  165  13:44  Zergling x2  
  165  13:45  Overlord  
  165  13:47  Baneling x2  
  167  13:54  Seismic Spines  
  167  14:00  Overlord  
  166  14:07  Zergling x20  
  169  14:13  Lurker x5  
  174  14:24  Zergling x18  
  183  14:28  Overlord  
  171  14:35  Hydralisk  
  171  14:36  Zergling x12  
  166  14:39  Zergling x2  
  166  14:40  Hydralisk  
  151  14:46  Hydralisk  
  151  14:49  Lurker x5  
  151  14:50  Zergling x4, Lurker  
  161  14:55  Extractor  
  161  14:58  Zergling x6  
  163  15:01  Zergling x2  
  163  15:02  Zergling x2  
  155  15:08  Hydralisk  
  155  15:09  Zergling x2  
  155  15:13  Zergling x4  
  158  15:16  Viper x2  
  158  15:18  Zergling x8  
  166  15:26  Zergling x2  
  166  15:27  Zergling x10  
  166  15:28  Zergling x2  
  170  15:32  Spore Crawler  
  170  15:33  Zergling x4  
  170  15:34  Spore Crawler x2  
  161  15:37  Hatchery  
  161  15:38  Adaptive Talons  
  158  15:43  Hydralisk  
  158  15:44  Zergling x6  
  161  15:50  Zergling x4  
  161  15:52  Nydus Network  
  152  15:58  Zergling x12  
  152  16:06  Hydralisk x2  
  146  16:31  Lurker x4  
  149  16:34  Nydus Canal  
  149  16:36  Zergling x22  
  155  16:44  Hydralisk x3  
  155  16:45  Zergling x4  
  164  16:47  Zergling x10  
  164  16:52  Zergling x2  
  164  16:53  Zergling x2  
  170  17:05  Zergling x6  
  170  17:08  Hydralisk x3  
  150  17:14  Zergling x4  
  153  17:19  Zergling x6  
  153  17:21  Hatchery  
  152  17:23  Zergling x4  
  152  17:25  Lurker x3  
  152  17:27  Zergling x4  
  156  17:32  Hydralisk  
  156  17:33  Zergling x2  
  155  17:37  Baneling x2  
  155  17:39  Baneling  
  155  17:41  Hydralisk x3  
  155  17:43  Nydus Canal  
  161  17:54  Overlord x3  
  140  18:12  Zergling x18  
  139  18:15  Overseer  
  138  18:45  Hatchery  
Show
View Real Time Build Order
Export as new Build Order

MarineLorD Terran 

Build Orders: Reaper Expand, Hellion Banshee 

Get SALT Encoding   

  12  0:00  SCV  
  13  0:12  SCV  
  14  0:16  Supply Depot  
  14  0:24  SCV  
  15  0:38  SCV  
  15  0:39  Barracks  
  16  0:43  Refinery  
  16  0:50  SCV  
  17  1:02  SCV  
  18  1:14  SCV  
  19  1:26  Reaper, Orbital Command  
  20  1:39  Command Center  
  20  1:47  Supply Depot  
  20  1:52  SCV  
  21  1:58  Marine  
  22  2:04  SCV  
  23  2:11  Factory  
  23  2:16  SCV, Marine  
  25  2:28  SCV  
  26  2:34  Barracks Reactor  
  26  2:40  SCV  
  27  2:46  Command Center  
  27  2:52  SCV  
  27  2:55  Orbital Command  
  28  3:05  Starport, SCV  
  29  3:11  Refinery  
  29  3:14  Bunker  
  29  3:17  SCV  
  30  3:25  SCV  
  31  3:29  Hellion x2  
  31  3:30  SCV  
  36  3:35  Barracks Tech Lab  
  36  3:37  SCV  
  37  3:42  SCV  
  38  3:49  SCV  
  38  3:51  Hellion x2  
  38  3:54  SCV  
  44  4:00  Orbital Command  
  44  4:01  SCV  
  45  4:03  Cloaking Field, Banshee  
  45  4:05  Barracks Tech Lab  
  45  4:06  SCV  
  49  4:13  SCV  
  49  4:14  Hellion  
  49  4:15  Hellion  
  54  4:19  SCV  
  54  4:23  Supply Depot, Stimpack  
  55  4:24  Supply Depot  
  55  4:25  SCV, Marine  
  55  4:26  SCV  
  55  4:31  SCV  
  59  4:37  SCV  
  60  4:38  SCV  
  60  4:44  SCV  
  60  4:45  Hellion x2  
  66  4:46  Supply Depot  
  66  4:49  SCV, Marine  
  66  4:50  Banshee  
  71  4:54  Supply Depot  
  71  4:55  SCV  
  71  4:59  SCV  
  73  5:01  SCV  
  73  5:02  Supply Depot  
  73  5:06  Marine  
  73  5:07  SCV  
  75  5:11  SCV  
  75  5:13  SCV  
  68  5:22  Engineering Bay  
  68  5:23  Engineering Bay  
  68  5:27  SCV x2, Orbital Command, Barracks  
  68  5:28  Barracks  
  70  5:32  Factory Reactor, Marine  
  70  5:33  Refinery  
  70  5:34  Refinery  
  70  5:39  SCV x2  
  72  5:49  Starport Reactor  
  72  5:50  Terran Infantry Weapons Level 1, Terran Infantry Armor Level 1, Marine  
  71  5:57  SCV  
  68  6:07  Barracks  
  68  6:08  SCV, Marine, Barracks  
  68  6:10  SCV x2  
  72  6:14  Combat Shield  
  72  6:15  Supply Depot x2  
  72  6:16  Supply Depot  
  72  6:20  SCV  
  72  6:22  SCV  
  72  6:23  Marine x4  
  72  6:24  Siege Tank  
  81  6:26  Marine  
  81  6:29  Medivac x2  
  81  6:30  SCV  
  81  6:32  SCV  
  88  6:39  SCV  
  89  6:40  Marine  
  89  6:41  Marine x3  
  89  6:42  SCV  
  89  6:44  Marine  
  89  6:45  Supply Depot x2  
  95  6:47  Supply Depot  
  95  6:53  Armory  
  95  6:54  SCV x3, Barracks Reactor  
  95  6:55  Barracks Reactor  
  95  6:57  Refinery  
  95  6:58  Siege Tank, Marine x3  
  95  6:59  Marine  
  105  7:01  Marine  
  106  7:13  Factory  
  106  7:16  Marine x3  
  106  7:17  Marine  
  106  7:19  Marine  
  106  7:20  Command Center  
  111  7:31  Siege Tank, Marine x4  
  111  7:33  Concussive Shells  
  111  7:34  Supply Depot x2, Marine x3  
  111  7:35  Marine  
  122  7:37  Supply Depot, Marine  
  122  7:48  SCV x3  
  122  7:49  Marine x4  
  127  7:52  Marine x4  
  127  7:55  Marine  
  132  8:00  SCV x3  
  134  8:06  Marine x3  
  134  8:07  Marine  
  134  8:10  Marine x4  
  134  8:12  SCV x3, Factory Reactor  
  148  8:13  Terran Infantry Weapons Level 2, Drilling Claws, Marine  
  146  8:24  Marine x4  
  150  8:27  Marine x3  
  150  8:30  Marine  
  150  8:31  Marine  
  155  8:36  Terran Infantry Armor Level 2, SCV x2  
  155  8:41  Siege Tank  
  160  8:42  Marine x4  
  160  8:45  Marine x2  
  160  8:46  Medivac  
  160  8:47  Medivac  
  160  8:48  Marine x3  
  164  8:49  SCV x2  
  164  8:50  SCV  
  169  8:59  Widow Mine x2  
  169  9:00  Marine x4  
  177  9:03  Marine x2  
  177  9:06  Marine x3  
  181  9:11  Planetary Fortress  
  181  9:13  Widow Mine, SCV x3  
  186  9:18  Marine x2  
  188  9:26  SCV, Marine x4  
  188  9:33  Marine  
  188  9:34  Widow Mine, Command Center  
  188  9:39  Refinery  
  188  9:45  Supply Depot  
  188  9:46  Supply Depot, Marine x2  
  188  9:47  SCV  
  188  9:52  Marine x7  
  188  9:53  Widow Mine, Medivac x2, SCV x2  
  188  9:59  SCV  
  169  10:03  Barracks  
  169  10:04  SCV, Marine x2, Barracks  
  169  10:05  SCV x2, Barracks  
  174  10:10  Marine x6  
  174  10:11  SCV, Marine  
  172  10:16  SCV  
  172  10:17  SCV x2  
  175  10:22  Marine x2  
  175  10:25  SCV  
  175  10:28  SCV, Refinery, Marine x6  
  177  10:29  Marine  
  181  10:40  Marine x2  
  168  10:43  Widow Mine x2  
  168  10:46  Marine x6  
  168  10:47  Marine  
  160  10:50  SCV x4  
  163  10:58  Marine x2  
  163  11:02  SCV x3  
  163  11:03  SCV  
  163  11:04  Marine x7  
  170  11:06  Widow Mine  
  170  11:07  Widow Mine  
  179  11:14  SCV  
  179  11:15  Marine x2  
  165  11:21  Marine x2  
  165  11:22  Widow Mine, Marine x5  
  173  11:28  Widow Mine x2  
  171  11:33  Marine x2  
  171  11:39  Marine x6  
  173  11:40  SCV x2, Marine  
  180  11:51  SCV x2, Marine x2  
  180  11:52  SCV  
  185  11:55  Barracks Tech Lab x2  
  185  11:57  Marine x6  
  185  11:58  Marine  
  185  12:00  Marine  
  192  12:05  Medivac x2  
  155  12:09  Marine x2  
  155  12:14  SCV x2  
  155  12:15  Marine x6  
  159  12:16  Marine  
  159  12:18  Marine  
  158  12:23  Widow Mine x2  
  144  12:30  SCV x2  
  144  12:31  SCV  
  144  12:32  Widow Mine  
  144  12:33  Marine x3  
  144  12:35  Planetary Fortress  
  149  12:39  Medivac x2  
  149  12:42  SCV  
  149  12:44  Widow Mine x2  
  153  12:54  Widow Mine  
  153  12:57  Marauder  
  153  12:58  Marauder  
  161  13:00  Marine x2  
  161  13:03  Terran Infantry Weapons Level 3  
  160  13:06  Widow Mine x2  
  164  13:15  Widow Mine, Marine  
  164  13:16  Marine  
  164  13:17  Marine x3  
  164  13:18  Marine x3  
  176  13:21  Marine x2  
  168  13:27  Widow Mine  
  168  13:28  Marine  
  168  13:29  Medivac  
  168  13:30  Medivac  
  175  13:34  Marine x2  
  176  13:45  Command Center  
  176  13:47  Marauder, Marine x3  
  176  13:48  Marauder, Marine  
  183  13:55  Ghost Academy  
  184  13:59  Liberator x2  
  190  14:09  Marauder  
  182  14:12  Marine x2  
  182  14:13  Marauder  
  182  14:16  Marauder, Barracks Tech Lab  
  186  14:17  Marine  
  186  14:18  Marine x2  
  186  14:20  Marine x3  
  192  14:30  Marine  
  192  14:31  Marauder  
  185  14:37  Marine x2  
  178  14:38  Marine  
  178  14:39  Marine  
  178  14:42  Liberator  
  178  14:44  Liberator, Widow Mine x3  
  188  14:47  Ghost x3  
  188  14:51  Ghost  
  194  14:53  Missile Turret  
  177  15:15  Marine x2  
  177  15:16  Ghost  
  177  15:18  Refinery x2, Command Center  
  177  15:21  Missile Turret  
  181  15:23  Marine  
  181  15:24  Marauder, Marine  
  181  15:25  Liberator  
  170  15:32  Widow Mine x2  
  170  15:34  Marine  
  170  15:35  Marauder, Marine  
  171  15:44  Marauder, Marine  
  171  15:47  Missile Turret  
  174  15:50  Liberator  
  174  15:52  Marine x2  
  174  15:53  Marauder  
  174  15:54  Marauder  
  174  15:55  Missile Turret  
  178  15:59  Marine  
  163  16:08  Liberator  
  163  16:10  Marauder, Marine x2  
  167  16:14  Marine  
  167  16:15  Marauder  
  170  16:22  SCV  
  170  16:24  SCV x2  
  170  16:33  Liberator  
  170  16:36  Planetary Fortress  
  173  16:41  Ghost x2  
  173  16:45  Orbital Command  
  177  16:51  Liberator  
  177  16:57  SCV x2  
  173  17:02  Orbital Command  
  144  17:11  Marauder  
  144  17:14  Marine  
  144  17:15  Marauder  
  134  17:16  Liberator  
  134  17:17  Marauder, Marine x3  
  134  17:22  Widow Mine  
  143  17:27  Marine x2  
  135  17:31  Marine x3  
  135  17:33  Marauder  
  135  17:34  Liberator  
  135  17:36  Marauder  
  143  17:38  Marauder  
  143  17:40  Factory Reactor  
  145  17:47  Marine x4  
  145  17:50  Marine x2  
  151  17:54  Marauder  
  151  17:55  Marine  
  151  17:57  Marauder  
  156  17:58  Liberator  
  156  18:00  Marauder  
  124  18:24  Ghost  

Tags
 
Add a new tag
Caveats
  • Supply blocks, unpowered buildings, or Contaminate may cause inaccurate times.
  • Supply counts are checked every 10 seconds.